[Event "Late-Titled-Tuesday-Blitz-February-27-2024"]
[Site "Chess.com"]
[Date "2024.02.27"]
[Round "1"]
[White "MarcoRiehle"]
[Black "Road2GM3000"]
[Result "1-0"]
[WhiteElo "2766"]
[BlackElo "2435"]
[TimeControl "180+1"]
[EndTime "14:01:36 PST"]
[Termination "MarcoRiehle won by resignation"]

1. e4 c5 2. a3 a5 3. Nc3 g6 4.
Bc4 Bg7 5. d3 Nc6 6. f4 e6 7.
Nf3 Nge7 8. O-O d5 9. Ba2 O-O 10. Qe1 Nd4 11. Nxd4 cxd4 12. Ne2 dxe4 13. dxe4 b5 14.
Ng3 Bb7 15. f5 exf5 16. exf5 Re8 17. fxg6 Bd5 18. gxf7+ 1-0

[Event "Late-Titled-Tuesday-Blitz-February-27-2024"]
[Site "Chess.com"]
[Date "2024.02.27"]
[Round "1"]
[White "jcmesafischer"]
[Black "Rutricks"]
[Result "0-1"]
[WhiteElo "2382"]
[BlackElo "2678"]
[TimeControl "180+1"]
[EndTime "14:02:08 PST"]
[Termination "Rutricks won by resignation"]

1. e4 g6 2. d4 Bg7 3. Be3 c6 4. Qd2 d5 5. Nc3 dxe4 6. Nxe4 Nf6 7. Nxf6+ exf6 8. h4 h5 9. O-O-O O-O 10. Bh6 Re8 11. Bxg7 Kxg7 12. f3 b5 13. Be2 Qd5 14. Kb1 Be6 15.
b3 a5 16. Nh3 Bxh3 17. Rxh3 Nd7 18. g4 a4 19. gxh5 Qxh5 20. f4 Rxe2 0-1

[Event "Late-Titled-Tuesday-Blitz-February-27-2024"]
[Site "Chess.com"]
[Date "2024.02.27"]
[Round "1"]
[White "Practical-Play"]
[Black "dimoni64"]
[Result "1-0"]
[WhiteElo "2533"]
[BlackElo "1966"]
[TimeControl "180+1"]
[EndTime "14:02:16 PST"]
[Termination "Practical-Play won by resignation"]

1. e4 c5 2. Nf3 d6 3. d4 cxd4 4. Nxd4 Nf6 5. Nc3 a6 6. Bg5 e6 7. f4 Nc6 8. Qf3 Nxd4 9. Qf2 Nc6 10. O-O-O Be7 11. e5 Ng4 12. Qg3 Bxg5 13. Qxg4 Be7 14.
Qxg7 Rf8 15. exd6 Bxd6 16. g3 Qe7 17. Ne4 Bc7 18. Nf6+ Qxf6 19. Qxf6 Bd8 20. Qg7 Be7 21. Qxh7 1-0

[Event "Late-Titled-Tuesday-Blitz-February-27-2024"]
[Site "Chess.com"]
[Date "2024.02.27"]
[Round "1"]
[White "SantoBlue"]
[Black "zajka-molotok"]
[Result "1-0"]
[WhiteElo "2976"]
[BlackElo "2506"]
[TimeControl "180+1"]
[EndTime "14:02:24 PST"]
[Termination "SantoBlue won by resignation"]

1. e4 c5 2. Nf3 Nc6 3. Bb5 g6 4. Bxc6 dxc6 5. d3 Bg7 6. O-O Nf6 7. Nc3 O-O 8. Be3 Nd7 9. Qd2 e5 10. Bh6 Re8 11. Bxg7 Kxg7 12. h3 Nf8 13. Nh2 Ne6 14. Ne2 Nd4 15. Nxd4 Qxd4 16. b3 Be6 17. Kh1 c4 18.
bxc4 Bxc4 19. Nf3 1-0

[Event "Late-Titled-Tuesday-Blitz-February-27-2024"]
[Site "Chess.com"]
[Date "2024.02.27"]
[Round "1"]
[White "Godzillator"]
[Black "TimGrutter03"]
[Result "0-1"]
[WhiteElo "2335"]
[BlackElo "2634"]
[TimeControl "180+1"]
[EndTime "14:02:32 PST"]
[Termination "TimGrutter03 won by resignation"]

1. Nf3 d5 2. d4 e6 3. b3 c5 4.
Bb2 cxd4 5. Nxd4 Nc6 6. Nxc6 bxc6 7. e3 Nf6 8. Be2 Bb4+ 9. c3 Bd6 10. O-O h5 11. c4 Bxh2+ 12. Kxh2 Ng4+ 13. Kg1 Qh4 14. Bxg4 hxg4 15. f4 g3 0-1

[Event "Late-Titled-Tuesday-Blitz-February-27-2024"]
[Site "Chess.com"]
[Date "2024.02.27"]
[Round "1"]
[White "Romadk"]
[Black "temus_galaktionov"]
[Result "0-1"]
[WhiteElo "2488"]
[BlackElo "2909"]
[TimeControl "180+1"]
[EndTime "14:02:35 PST"]
[Termination "temus_galaktionov won by resignation"]

1. d4 c6 2. Nf3 g6 3. e4 d6 4. Bc4 Bg7 5. c3 Nd7 6. Qe2 e5 7. Ng5 Nh6 8. O-O O-O 9. Be3 Qe7 10. Qd2 Ng4 11. dxe5 dxe5 12. Nf3 Nxe3 13. Qxe3 Qc5 14. Re1 Qxc4 0-1

[Event "Late-Titled-Tuesday-Blitz-February-27-2024"]
[Site "Chess.com"]
[Date "2024.02.27"]
[Round "1"]
[White "miraitrunks"]
[Black "djano"]
[Result "0-1"]
[WhiteElo "2216"]
[BlackElo "2584"]
[TimeControl "180+1"]
[EndTime "14:02:40 PST"]
[Termination "djano won by checkmate"]

1. d4 Nf6 2. c4 g6 3. Nc3 Bg7 4. e4 d6 5. Be3 O-O 6. Be2 e5 7. d5 a5 8. g4 Na6 9. h4 Nc5 10. f3 h5 11. gxh5 Nxh5 12. Kf2 f5 13. Bg5 Bf6 14.
Bh6 Bxh4+ 15. Kg2 Rf7 16. a3 fxe4 17. fxe4 Rf2# 0-1

[Event "Late-Titled-Tuesday-Blitz-February-27-2024"]
[Site "Chess.com"]
[Date "2024.02.27"]
[Round "1"]
[White "TheMagician"]
[Black "aistrel"]
[Result "0-1"]
[WhiteElo "2138"]
[BlackElo "2546"]
[TimeControl "180+1"]
[EndTime "14:02:49 PST"]
[Termination "aistrel won by resignation"]

1. e4 c6 2. d4 d5 3. Nc3 dxe4 4. Nxe4 Nf6 5. Nxf6+ exf6 6. Bc4 Be7 7. Ne2 O-O 8. O-O Re8 9. Bf4 Nd7 10. c3 Nf8 11. a4 Ng6 12. Bg3 h5 13. f3 h4 14. Bf2 Bd6 15.
h3 Be6 16. Bxe6 Rxe6 17. Re1 Bc7 18. Kf1 Qd6 19. Ng1 Rae8 20. Rxe6 Qxe6 21. Qd3 Nf4 0-1

[Event "Late-Titled-Tuesday-Blitz-February-27-2024"]
[Site "Chess.com"]
[Date "2024.02.27"]
[Round "1"]
[White "MrKGG1"]
[Black "DraningWaterHi"]
[Result "1-0"]
[WhiteElo "2584"]
[BlackElo "2216"]
[TimeControl "180+1"]
[EndTime "14:03:02 PST"]
[Termination "MrKGG1 won by checkmate"]

1. e4 c5 2. Nc3 Nc6 3. g3 Nf6 4. Bg2 a6 5. Nge2 b5 6. O-O Qb6 7. Nd5 Nxd5 8. exd5 Nd8 9. d4 cxd4 10. Nxd4 d6 11.
Re1 Bb7 12. Bg5 h6 13. Bxe7 Bxe7 14. Nf5 O-O 15. Rxe7 Ra7 16. Qg4 g6 17. Nxh6+ Kh7 18. Qh4 Kg7 19. Ng4 Rh8 20. Qf6+ Kh7 21. Rxf7+ Nxf7 22. Qxf7# 1-0

[Event "Late-Titled-Tuesday-Blitz-February-27-2024"]
[Site "Chess.com"]
[Date "2024.02.27"]
[Round "1"]
[White "biostatistician"]
[Black "BoltzMannS"]
[Result "1-0"]
[WhiteElo "2571"]
[BlackElo "2189"]
[TimeControl "180+1"]
[EndTime "14:03:08 PST"]
[Termination "biostatistician won by resignation"]

1. d4 Nf6 2. Nf3 g6 3. c4 Bg7 4.
Nc3 O-O 5. e4 d6 6. Be2 e5 7.
dxe5 dxe5 8. Qxd8 Rxd8 9. Bg5 Re8 10. Nd5 Nxd5 11. cxd5 c6 12. Bc4 cxd5 13. Bxd5 Nd7 14. Nd2 Nb6 15. Bb3 Be6 16. Ke2 Rac8 17. Rhc1 Rxc1 18. Rxc1 Rc8 19. Rxc8+ Bxc8 20. Be3 Kf8 21. Bxb6 axb6 22. Nc4 b5 23. Nd6 Bd7 24. Nxf7 Bc6 25. f3 Ke7 26. Ng5 Bd7 27. Nxh7 Bh6 28. Bd5 b6 29. h4 1-0

[Event "Late-Titled-Tuesday-Blitz-February-27-2024"]
[Site "Chess.com"]
[Date "2024.02.27"]
[Round "1"]
[White "Machidon"]
[Black "Sanan_Sjugirov"]
[Result "0-1"]
[WhiteElo "2505"]
[BlackElo "2970"]
[TimeControl "180+1"]
[EndTime "14:03:11 PST"]
[Termination "Sanan_Sjugirov won by resignation"]

1. d4 Nf6 2. c4 e6 3. Nf3 d5 4.
Nc3 c6 5. Bg5 h6 6. Bxf6 Qxf6 7.
e3 Nd7 8. Qc2 g6 9. Be2 Bg7 10.
O-O O-O 11. b4 dxc4 12. Bxc4 Qe7 13. Rab1 a6 14. Ne4 Kh8 15. Nc5 Nb6 16. Bb3 Nd5 17. a3 a5 18. b5 b6 19. Na4 cxb5 20. Bxd5 exd5 21. Nxb6 Bf5 22. Nxd5 Bxc2 23. Nxe7 Bxb1 24. Rxb1 b4 25. Kf1 bxa3 26. Ra1 Rfb8 27. Rxa3 Bf8 0-1

[Event "Late-Titled-Tuesday-Blitz-February-27-2024"]
[Site "Chess.com"]
[Date "2024.02.27"]
[Round "1"]
[White "KChor05"]
[Black "Boninknights"]
[Result "0-1"]
[WhiteElo "2642"]
[BlackElo "2385"]
[TimeControl "180+1"]
[EndTime "14:03:11 PST"]
[Termination "Boninknights won by resignation"]

1. d4 Nf6 2. c4 e6 3. g3 c5 4. d5 exd5 5. cxd5 d6 6. Bg2 g6 7. Nf3 Bg7 8. O-O O-O 9. Nc3 Re8 10. Nd2 b6 11. a4 Ba6 12. Re1 Nbd7 13. Qc2 Ne5 14. b3 Nd3 15. Rd1 Nxf2 16. Kxf2 Ng4+ 17. Kf3 Nxh2+ 18. Kf2 Ng4+ 19. Kf3 Ne3 0-1

[Event "Late-Titled-Tuesday-Blitz-February-27-2024"]
[Site "Chess.com"]
[Date "2024.02.27"]
[Round "1"]
[White "Nemsko"]
[Black "mac0504"]
[Result "0-1"]
[WhiteElo "2400"]
[BlackElo "2703"]
[TimeControl "180+1"]
[EndTime "14:03:16 PST"]
[Termination "mac0504 won by resignation"]

1. e4 Nc6 2. d4 d5 3. e5 Bf5 4. g4 Be4 5. f3 Bg6 6. h4 h5 7. g5 e6 8. c3 Nge7 9. Bd3 Bxd3 10. Qxd3 Nf5 11. f4 Qd7 12. Nf3 g6 13. Nbd2 Be7 14. Nb3 O-O 15. Be3 b6 16. O-O-O a5 17. Kb1 a4 18. Nbd2 Na5 19. Rdg1 c5 20. Nf1 c4 21. Qd2 a3 22. Ng3 Nxg3 23. Rxg3 axb2 24. Qxb2 b5 25. Bd2 Rfb8 26. a3 Nb3 27. Kc2 Bxa3 28. Qb1 b4 29.
cxb4 Qa4 30. Kd1 0-1

[Event "Late-Titled-Tuesday-Blitz-February-27-2024"]
[Site "Chess.com"]
[Date "2024.02.27"]
[Round "1"]
[White "Njal28"]
[Black "MFatigue"]
[Result "1-0"]
[WhiteElo "3023"]
[BlackElo "2513"]
[TimeControl "180+1"]
[EndTime "14:03:19 PST"]
[Termination "Njal28 won by resignation"]

1. d4 d5 2. c4 c6 3. Nf3 Nf6 4. Nc3 dxc4 5. e4 b5 6. Be2 e6 7.
O-O Be7 8. b3 cxb3 9. Qxb3 a6 10.
e5 Nd5 11. Ne4 O-O 12. Bg5 f6 13. exf6 gxf6 14. Bh6 Rf7 15. Nfd2 Nd7 16. Bh5 Rg7 17. Bxg7 Kxg7 18. Rfe1 N7b6 19. Qg3+ Kh8 20. Nb3 Na4 21.
Nbc5 Nxc5 22. dxc5 Bxc5 23. Nxc5 1-0

[Event "Late-Titled-Tuesday-Blitz-February-27-2024"]
[Site "Chess.com"]
[Date "2024.02.27"]
[Round "1"]
[White "nihalsarin"]
[Black "OneTrickPony_82"]
[Result "1-0"]
[WhiteElo "3189"]
[BlackElo "2528"]
[TimeControl "180+1"]
[EndTime "14:03:32 PST"]
[Termination "nihalsarin won by resignation"]

1. d4 Nf6 2. c4 e6 3. f3 d5 4. Nc3 c5 5. e3 cxd4 6. exd4 Nc6 7. c5 b6 8. Bb5 Bd7 9. cxb6 Qxb6 10. Nge2 Bd6 11. O-O e5 12. Kh1 Nxd4 13. Bxd7+ Kxd7 14.
Bg5 Nxe2 15. Qxe2 d4 16. Bxf6 dxc3 17. Bxe5 Rae8 18. Rad1 Kc8 19. Rxd6 Qxd6 20. Qc4+ 1-0

[Event "Late-Titled-Tuesday-Blitz-February-27-2024"]
[Site "Chess.com"]
[Date "2024.02.27"]
[Round "1"]
[White "jefferyx"]
[Black "ybothg"]
[Result "1-0"]
[WhiteElo "3074"]
[BlackElo "2521"]
[TimeControl "180+1"]
[EndTime "14:03:34 PST"]
[Termination "jefferyx won by resignation"]

1. d4 Nf6 2. c4 g6 3. Nc3 d5 4. Nf3 Bg7 5. Bf4 O-O 6. Rc1 c5 7. dxc5 Be6 8. e3 Nc6 9. Ng5 Qa5 10. Be2 Rad8 11. Nxe6 fxe6 12. O-O e5 13. Bg3 d4 14. Nd5 Qxc5 15. exd4 exd4 16. Bf3 Nxd5 17. cxd5 1-0

[Event "Late-Titled-Tuesday-Blitz-February-27-2024"]
[Site "Chess.com"]
[Date "2024.02.27"]
[Round "1"]
[White "MKlose11"]
[Black "JaackCamel"]
[Result "1-0"]
[WhiteElo "2589"]
[BlackElo "2220"]
[TimeControl "180+1"]
[EndTime "14:03:37 PST"]
[Termination "MKlose11 won by checkmate"]

1. e4 e6 2. d4 d5 3. Nc3 Bb4 4. Bd2 dxe4 5. Qg4 Nf6 6. Qxg7 Rg8 7. Qh6 Qxd4 8. O-O-O Qxf2 9. Be3 Qf5 10. h3 Rg6 11. Qh4 Bxc3 12. bxc3 Nbd7 13. Ne2 b6 14.
Nd4 Qa5 15. Nb5 Nd5 16. Rxd5 exd5 17. Nxc7+ Kf8 18. Qd8+ Kg7 19. Bd4+ Kh6 20. Qh4# 1-0

[Event "Late-Titled-Tuesday-Blitz-February-27-2024"]
[Site "Chess.com"]
[Date "2024.02.27"]
[Round "1"]
[White "pinguino120"]
[Black "manitodeplomo"]
[Result "0-1"]
[WhiteElo "2375"]
[BlackElo "2666"]
[TimeControl "180+1"]
[EndTime "14:03:48 PST"]
[Termination "manitodeplomo won by resignation"]

1. Nf3 g6 2. g3 Bg7 3. Bg2 e5 4.
e4 Ne7 5. O-O O-O 6. d4 exd4 7.
Nxd4 Nbc6 8. Be3 d5 9. exd5 Nxd5 10. Nxc6 bxc6 11. Bd4 Ba6 12. Re1 Nb4 13. Bxg7 Kxg7 14. Na3 Qf6 15. c3 Nd3 16. Re2 Rad8 17. Rd2 Nxf2 18.
Rxd8 Nxd1 19. Rxf8 Qf2+ 20. Kh1 Qe1+ 0-1

[Event "Late-Titled-Tuesday-Blitz-February-27-2024"]
[Site "Chess.com"]
[Date "2024.02.27"]
[Round "1"]
[White "cthake"]
[Black "Mikayel99"]
[Result "0-1"]
[WhiteElo "1824"]
[BlackElo "2529"]
[TimeControl "180+1"]
[EndTime "14:04:07 PST"]
[Termination "Mikayel99 won by resignation"]

1. c4 e6 2. Nc3 d5 3. d4 Be7 4. e3 Nf6 5. Nf3 O-O 6. Bd3 b6 7. O-O Bb7 8. b3 Nbd7 9. Re1 c5 10. dxc5 Nxc5 11. cxd5 Nxd3 12. Qxd3 Nxd5 13. Nxd5 Qxd5 14.
Qxd5 Bxd5 15. Nd4 Bb4 16. Rd1 Bc3 17. Rb1 Be4 18. Bb2 Bxb1 19. Rxb1 Bxb2 20. Rxb2 e5 21.
Nf3 f6 22. Kf1 Rac8 23. Ke2 Rfd8 24. Nd2 Kf7 25. Nc4 b5 26. Nd2 Ke6 27. f3 Rc1 28.
Ne4 b4 29. h3 f5 30. Ng5+ Kf6 31. h4 h6 32. Nh3 g5 33. hxg5+ hxg5 34. Nf2 a5 35. g4 Rdc8 36. gxf5 R1c2+ 37. Rxc2 Rxc2+ 38. Kf1 Rxa2 39. e4 Rxf2+ 40. Kxf2 a4 41. bxa4 b3 0-1

[Event "Late-Titled-Tuesday-Blitz-February-27-2024"]
[Site "Chess.com"]
[Date "2024.02.27"]
[Round "1"]
[White "QuintilianoR"]
[Black "Joachim100x"]
[Result "1-0"]
[WhiteElo "2767"]
[BlackElo "2432"]
[TimeControl "180+1"]
[EndTime "14:04:10 PST"]
[Termination "QuintilianoR won by resignation"]

1. d4 d5 2. Nf3 e6 3. Bf4 Nf6 4.
e3 Bd6 5. Nbd2 O-O 6. Bd3 c5 7.
c3 Nc6 8. O-O b6 9. Qe2 Bb7 10.
Rad1 Bxf4 11. exf4 cxd4 12. Nxd4 Nxd4 13. cxd4 Qd6 14. g3 Rac8 15. a3 a5 16. Rc1 Rxc1 17. Rxc1 Rc8 18. Rxc8+ Bxc8 19. Nf3 Bb7 20. Qc2 g6 21.
Ne5 Nd7 22. Bb5 Nxe5 23. fxe5 Qd8 24. h4 Qc8 25. Qd2 Qd8 26. Kg2 Qc8 27. h5 Qd8 28. h6 Kf8 29. Qf4 f5 30. exf6 Kf7 31. Qe5 Qxf6 32. Qc7+ Qe7 33. Qxb6 e5 34. Bc6 Bxc6 35.
Qxc6 exd4 36. Qxd5+ Kf8 37. Qxd4 Qb7+ 38. Kg1 1-0

[Event "Late-Titled-Tuesday-Blitz-February-27-2024"]
[Site "Chess.com"]
[Date "2024.02.27"]
[Round "1"]
[White "HajiyevKanan"]
[Black "GHANDEEVAM2003"]
[Result "0-1"]
[WhiteElo "2514"]
[BlackElo "3044"]
[TimeControl "180+1"]
[EndTime "14:04:15 PST"]
[Termination "GHANDEEVAM2003 won by resignation"]

1. d4 d6 2. Nf3 g6 3. g3 Bg7 4. Bg2 Nc6 5. O-O Nf6 6. b3 O-O 7. Bb2 e5 8. dxe5 Ng4 9. c4 dxe5 10. Qc1 e4 11. Ne1 f5 12. Bxg7 Kxg7 13. h3 Nge5 14.
Nc3 Be6 15. Nc2 Qe7 16. Rd1 Rad8 17. Qa3 Qxa3 18. Nxa3 a6 19. f3 exf3 20. exf3 f4 21. g4 Nd4 22. Kf2 c5 23. Ne4 b6 24. Re1 Nd3+ 25.
Kf1 Nxe1 26. Rxe1 Bc8 27. h4 Bb7 28. Ng5 Rfe8 29. Rd1 h6 30. Nh3 Bxf3 31. Bxf3 Nxf3 32. Rxd8 Rxd8 33. Nxf4 Rd2 34. Nb1 Rd1+ 35. Kf2 Rxb1 36. Kxf3 Rb2 37. Nd5 Rxa2 38. Nxb6 Rb2 39. Na4 Rxb3+ 0-1

[Event "Late-Titled-Tuesday-Blitz-February-27-2024"]
[Site "Chess.com"]
[Date "2024.02.27"]
[Round "1"]
[White "GMVignirVatnar"]
[Black "PapaieDudu"]
[Result "1-0"]
[WhiteElo "2710"]
[BlackElo "2406"]
[TimeControl "180+1"]
[EndTime "14:04:17 PST"]
[Termination "GMVignirVatnar won by resignation"]

1. d4 d5 2. c4 e6 3. g3 Nf6 4.
Bg2 Be7 5. Nf3 O-O 6. O-O a6 7.
Nbd2 dxc4 8. Nxc4 b5 9. Nfe5 c6 10. Nxc6 Nxc6 11. Bxc6 Rb8 12. Ne5 Nd5 13. Qb3 f6 14.
Bxd5 fxe5 15. Bxe6+ Kh8 16. Bxc8 Qxc8 17. dxe5 Bc5 18.
Be3 Bxe3 19. Qxe3 Qc2 20. Qb3 Qxe2 21. Rae1 Qc4 22. e6 Rfe8 23. Re3 Rb6 24. Rfe1 Qxb3 25. axb3 Kg8 26. f4 Kf8 27. e7+ Kf7 28. Kf2 Rb7 29. Kf3 Rbxe7 30. Rxe7+ Rxe7 31. Rxe7+ Kxe7 32. Ke4 Ke6 33. g4 g6 34. b4 h6 35. f5+ Kf6 36. Kf4 gxf5 37. gxf5 Kg7 38. Ke5 Kf7 39. f6 h5 40. Kf5 h4 41. h3 Kg8 42. Kg6 Kf8 43. f7 1-0

[Event "Late-Titled-Tuesday-Blitz-February-27-2024"]
[Site "Chess.com"]
[Date "2024.02.27"]
[Round "1"]
[White "Maikrosoft63"]
[Black "northridgehawk"]
[Result "1-0"]
[WhiteElo "2608"]
[BlackElo "2273"]
[TimeControl "180+1"]
[EndTime "14:04:17 PST"]
[Termination "Maikrosoft63 won by resignation"]

1. e4 e5 2. Nc3 Nc6 3. Bc4 Nf6 4. d3 Bc5 5. f4 d6 6. Nf3 Bg4 7. Na4 Bxf3 8. Qxf3 Nd4 9. Qd1 d5 10. Nxc5 dxc4 11. fxe5 Nd7 12. Nxd7 Qxd7 13. O-O cxd3 14. cxd3 O-O-O 15. Be3 Nc6 16. d4 Nxd4 17. Bxd4 Qxd4+ 18. Qxd4 Rxd4 19. Rxf7 Rxe4 20. Rc1 c6 21. Rd1 Rd8 22.
Rxd8+ Kxd8 23. Rxg7 Rxe5 24. Rxb7 Re2 25. Rxh7 Rxb2 26.
Rxa7 c5 27. h4 c4 28. Ra4 c3 29. Rc4 Rxa2 30. Rxc3 Ke7 31. Rf3 Ra4 32. g3 Ra2 33.
Rf2 Ra3 34. Kg2 Ke6 35. Kh3 Ke5 36. h5 Ra1 37. Kh4 Rg1 38. g4 Rh1+ 39. Kg5 Ke6 40. Kg6 Ke7 41. g5 1-0

[Event "Late-Titled-Tuesday-Blitz-February-27-2024"]
[Site "Chess.com"]
[Date "2024.02.27"]
[Round "1"]
[White "laziestwin"]
[Black "EDaMatta"]
[Result "1-0"]
[WhiteElo "2592"]
[BlackElo "2227"]
[TimeControl "180+1"]
[EndTime "14:04:18 PST"]
[Termination "laziestwin won by resignation"]

1. d4 d5 2. c4 c6 3. Nc3 Nf6 4. cxd5 cxd5 5. Bf4 a6 6. e3 Nc6 7. Bd3 Bg4 8. Nge2 e6 9. O-O Bd6 10. Bxd6 Qxd6 11. Qb3 O-O 12. Nf4 Rfc8 13. h3 Bh5 14.
Rac1 Bg6 15. Nxg6 hxg6 16. Na4 Na5 17. Qb6 Qd8 18. Qxd8+ Rxd8 19. Nb6 Rab8 20. Rc7 Ne8 21. Rc5 Nc6 22. a3 Rd6 23. Rfc1 Nxd4 24. Rc8 Rxc8 25. Nxc8 Rc6 26. Ne7+ Kf8 27. Nxc6 Nxc6 28. Bxa6 Nd6 29. Bxb7 1-0

[Event "Late-Titled-Tuesday-Blitz-February-27-2024"]
[Site "Chess.com"]
[Date "2024.02.27"]
[Round "1"]
[White "Sjakkerntobi"]
[Black "Mr_Heisenberg13"]
[Result "0-1"]
[WhiteElo "2467"]
[BlackElo "2839"]
[TimeControl "180+1"]
[EndTime "14:04:22 PST"]
[Termination "Mr_Heisenberg13 won by resignation"]

1. e4 c5 2. Nf3 e6 3. d4 cxd4 4. Nxd4 Nf6 5. Nc3 Nc6 6. Ndb5 Bc5 7. Nd6+ Ke7 8. Bf4 e5 9. Nf5+ Kf8 10. Be3 Bb4 11. a3 Bxc3+ 12. bxc3 d5 13. exd5 Qxd5 14. Qxd5 Nxd5 15. Bc5+ Kg8 16. Nd6 Nxc3 17. Bd3 b6 18. Be3 Be6 19. O-O Rd8 20. Ne4 Nd5 21. Bd2 f6 22. a4 a5 23. Rab1 Ndb4 24. Be3 Nd4 25. Rfd1 Kf7 26. Kf1 Nxd3 27. Rxd3 Bc4 28. Ke1 Nxc2+ 29.
Kd2 Bxd3 0-1

[Event "Late-Titled-Tuesday-Blitz-February-27-2024"]
[Site "Chess.com"]
[Date "2024.02.27"]
[Round "1"]
[White "Zq1"]
[Black "Charodej1"]
[Result "1-0"]
[WhiteElo "2624"]
[BlackElo "2305"]
[TimeControl "180+1"]
[EndTime "14:04:27 PST"]
[Termination "Zq1 won by resignation"]

1. d4 Nf6 2. c4 e6 3. Nf3 Bb4+ 4. Bd2 Bxd2+ 5. Qxd2 O-O 6. Nc3 d5 7. e3 Nbd7 8. Rc1 c6 9. a3 Re8 10. Bd3 dxc4 11.
Bxc4 e5 12. Ng5 Rf8 13. Nxf7 Rxf7 14. dxe5 Nd5 15. e6 Rf6 16. Nxd5 cxd5 17. exd7 dxc4 18. dxc8=Q Qxc8 19. Qd5+ Kh8 20. Rxc4 1-0

[Event "Late-Titled-Tuesday-Blitz-February-27-2024"]
[Site "Chess.com"]
[Date "2024.02.27"]
[Round "1"]
[White "Zmeusor"]
[Black "EvilMorty23"]
[Result "0-1"]
[WhiteElo "2089"]
[BlackElo "2541"]
[TimeControl "180+1"]
[EndTime "14:04:30 PST"]
[Termination "EvilMorty23 won by resignation"]

1. e4 e6 2. d4 d5 3. Nc3 Nf6 4. e5 Nfd7 5. Nce2 c5 6. c3 Nc6 7.
Nf3 f6 8. Nf4 Qe7 9. Qe2 cxd4 10. cxd4 Qb4+ 11. Bd2 Qxb2 12. Rd1 Nb4 13. Bxb4 Bxb4+ 14. Nd2 Nb6 15. exf6 Nc4 16. fxg7 Rg8 17. Nxe6 Nxd2 18.
Nc7+ Kd8 19. Rxd2 Qc1+ 20. Qd1 Bxd2+ 21. Ke2 Kxc7 0-1

[Event "Late-Titled-Tuesday-Blitz-February-27-2024"]
[Site "Chess.com"]
[Date "2024.02.27"]
[Round "1"]
[White "Matalon"]
[Black "Evgeny81"]
[Result "0-1"]
[WhiteElo "2453"]
[BlackElo "2795"]
[TimeControl "180+1"]
[EndTime "14:04:32 PST"]
[Termination "Evgeny81 won on time"]

1. e4 c5 2. Nf3 g6 3. c3 Bg7 4. d4 cxd4 5. cxd4 d5 6. exd5 Nf6 7. Nc3 O-O 8. Bc4 Nbd7 9. O-O a6 10. Bb3 b5 11.
Ne5 Nb6 12. Nc6 Qc7 13. Re1 Re8 14. Qf3 Bb7 15. Bf4 Qd7 16. Bg5 a5 17. Nxe7+ Rxe7 18. Bxf6 Rxe1+ 19. Rxe1 a4 20. Bc2 Nxd5 21. Bxg7 Kxg7 0-1

[Event "Late-Titled-Tuesday-Blitz-February-27-2024"]
[Site "Chess.com"]
[Date "2024.02.27"]
[Round "1"]
[White "MusicCityMaster"]
[Black "nobodyperfect13"]
[Result "1-0"]
[WhiteElo "2562"]
[BlackElo "2167"]
[TimeControl "180+1"]
[EndTime "14:04:34 PST"]
[Termination "MusicCityMaster won by resignation"]

1. d4 Nf6 2. c4 e6 3. Nf3 b6 4. a3 Bb7 5. Nc3 c5 6. d5 exd5 7. cxd5 d6 8. Bf4 g6 9. h3 Bg7 10. e3 O-O 11. Be2 Re8 12. O-O Na6 13. Nb5 Ne4 14.
Rb1 Nc7 15. Bc4 Nxb5 16. Bxb5 Rf8 17. a4 a6 18. Bc4 Qd7 19. Qd3 Rfe8 20. b3 h6 21.
Rbc1 Kh8 22. Nd2 Nxd2 23. Qxd2 Kh7 24. Rfe1 f5 25. Qd3 Re4 26. f3 Ree8 27. Kh1 Rab8 28. Bxa6 Bxa6 29. Qxa6 b5 30. Qxd6 Qxd6 31. Bxd6 Rbd8 32.
Bxc5 Rxd5 33. axb5 Rd2 34. b6 Rb2 35. b4 Rb8 36.
Red1 h5 37. Rd7 1-0

[Event "Late-Titled-Tuesday-Blitz-February-27-2024"]
[Site "Chess.com"]
[Date "2024.02.27"]
[Round "1"]
[White "Oleksandr_Bortnyk"]
[Black "rdarruda"]
[Result "1-0"]
[WhiteElo "3053"]
[BlackElo "2515"]
[TimeControl "180+1"]
[EndTime "14:04:42 PST"]
[Termination "Oleksandr_Bortnyk won by checkmate"]

1. e4 c5 2. c3 e6 3. d4 cxd4 4. cxd4 d5 5. e5 Nc6 6. Nc3 Nge7 7. Nf3 Nf5 8. Be3 Be7 9. Bd3 O-O 10. Bxf5 exf5 11. O-O Be6 12. Qd2 h6 13. Ne1 g5 14.
f4 g4 15. Nd3 b6 16. Rac1 Qd7 17. Bf2 Rfc8 18. Rc2 Nb4 19. Nxb4 Bxb4 20. Bh4 Be7 21. Bxe7 Qxe7 22. Rfc1 Rc4 23. Nxd5 Bxd5 24. Rxc4 Bxc4 25. Rxc4 Qb7 26. d5 Qa6 27. b3 b5 28. Rc6 Qb7 29.
Qc2 Rd8 30. Qxf5 Rxd5 31. Rc8+ Kg7 32. Qf6+ Kh7 33. Rh8# 1-0

[Event "Late-Titled-Tuesday-Blitz-February-27-2024"]
[Site "Chess.com"]
[Date "2024.02.27"]
[Round "1"]
[White "Cambek64"]
[Black "Elsa167"]
[Result "0-1"]
[WhiteElo "2483"]
[BlackElo "2901"]
[TimeControl "180+1"]
[EndTime "14:04:49 PST"]
[Termination "Elsa167 won by resignation"]

1. e4 c5 2. Nf3 e6 3. c4 Nc6 4. d4 cxd4 5. Nxd4 Bb4+ 6. Nc3 Nf6 7. Nxc6 Bxc3+ 8. bxc3 dxc6 9. Qxd8+ Kxd8 10. e5 Nd7 11. f4 b6 12. Be2 Bb7 13. Kf2 Kc7 14. Rd1 Rad8 15. Be3 c5 16. Bf3 Bxf3 17. Kxf3 Nb8 18. Ke2 Nc6 19. Rxd8 Rxd8 20. Rd1 Rxd1 21. Kxd1 Na5 22.
Kc2 Nxc4 23. Bc1 Kc6 24. Kd3 Kd5 25. g4 g6 26. g5 b5 27. h3 a5 28. h4 b4 29.
cxb4 cxb4 30. Be3 Nxe3 31. Kxe3 a4 32. Kd2 Ke4 0-1

[Event "Late-Titled-Tuesday-Blitz-February-27-2024"]
[Site "Chess.com"]
[Date "2024.02.27"]
[Round "1"]
[White "BardArtem"]
[Black "chedimir"]
[Result "1-0"]
[WhiteElo "2736"]
[BlackElo "2411"]
[TimeControl "180+1"]
[EndTime "14:04:51 PST"]
[Termination "BardArtem won by resignation"]

1. e4 c5 2. Nf3 d6 3. d4 cxd4 4.
Nxd4 Nf6 5. Nc3 Nc6 6. Bg5 e6 7. Qd3 a6 8. O-O-O h6 9. Bh4 Ne5 10.
Qd2 b5 11. f4 Nc4 12. Bxc4 bxc4 13. e5 g5 14. exf6 gxh4 15. Rhe1 Rb8 16. Nc6 Qb6 17. Nxb8 Qxb8 18. Kb1 h5 19. f5 e5 20. Rxe5+ Kd8 21. Nd5 Bd7 22. Qa5+ Kc8 23. Nb6+ Qxb6 24. Qxb6 dxe5 25.
Qxa6+ 1-0